 Dungeon Crawl Stone Soup version 0.19.0-19-g8c6edcc (console) character file.

44062 Gottschkopf the Peltast (level 13, -11/122 HPs)
             Began as a Minotaur Fighter on Nov 16, 2016.
             Was the Champion of Ashenzari.
             Mangled by a death yak (14 damage)
             ... on level 6 of the Lair of Beasts.
             The game lasted 00:57:03 (21917 turns).

Gottschkopf the Peltast (Minotaur Fighter)         Turns: 21917, Time: 00:57:03

Health: -11/122    AC: 21    Str: 28    XL:     13   Next: 94%
Magic:  12/12      EV: 13    Int: 11    God:    Ashenzari [******]
Gold:   1364       SH: 16    Dex: 11    Spells: 0 memorised, 12 levels left

rFire  . . .     SeeInvis +     T - +1 trident (freeze)
rCold  . . .     Gourm    .     g - +0 plate armour (curse)
rNeg   . . .     Faith    +     c - +0 shield (curse)
rPois  .         Spirit   .     (helmet restricted)
rElec  .         Reflect  .     j - +0 cloak (curse)
rCorr  .         Harm     .     (no gloves)
MR     .....     Clarity  +     s - +0 pair of boots (curse)
Stlth  ..........               M - amulet of faith (curse)
                                k - +6 ring of intelligence
                                y - +3 ring of dexterity (curse)

@: no status effects
A: retaliatory headbutt, horns 2, clumsy 1, strong 1, wild magic 1, no device
heal 1
a: Curse Item, Scrying, Transfer Knowledge, Renounce Religion


You were on level 6 of the Lair of Beasts.
You worshipped Ashenzari.
Ashenzari was exalted by your worship.
You were not hungry.

You visited 3 branches of the dungeon, and saw 19 of its levels.
You also visited: Ossuary.

You collected 1364 gold pieces.

Inventory:

Hand Weapons
 T - a +1 trident of freezing (weapon)
 X - a +2 long sword of holy wrath
Missiles
 Z - 8 curare-tipped needles
Armour
 c - a cursed +0 shield (worn)
 g - a cursed +0 plate armour (worn)
 j - a cursed +0 cloak (worn)
 s - a cursed +0 pair of boots (worn)
Jewellery
 k - a +6 ring of intelligence (right hand)
 y - a cursed +3 ring of dexterity (left hand)
 M - a cursed amulet of faith (around neck)
 O - an uncursed ring of ice
Wands
 a - a wand of iceblast (10/15)
 l - a wand of heal wounds (3/9)
 r - a wand of hasting (5/9)
 v - a wand of flame (25/48)
 z - a wand of flame (36/48)
 J - a wand of paralysis (12/24)
 R - a wand of lightning (6/15)
 U - a wand of lightning (9/15)
 Y - a wand of heal wounds (5/9)
Scrolls
 e - 15 scrolls of identify {unknown}
 h - 3 scrolls of magic mapping {unknown}
 m - 9 scrolls of teleportation {unknown}
 u - 3 scrolls of fog {unknown}
 x - 4 scrolls of immolation {unknown}
 A - 3 scrolls of enchant armour {unknown}
 H - 3 scrolls of amnesia {unknown}
 P - 3 scrolls of remove curse
 Q - 2 scrolls of holy word {unknown}
 V - a scroll of recharging {unknown}
 W - a scroll of fear {unknown}
Potions
 b - a potion of berserk rage {unknown}
 d - 6 potions of might
 n - a potion of lignification {unknown}
 o - 3 potions of brilliance {unknown}
 p - 2 potions of cancellation {unknown}
 q - 4 potions of degeneration {unknown}
 t - 3 potions of resistance {unknown}
 B - 9 potions of curing
 C - 3 potions of agility {unknown}
 D - a potion of mutation {unknown}
 E - 2 potions of beneficial mutation {unknown}
 F - 2 potions of magic {unknown}
 G - 2 potions of ambrosia {unknown}
 I - 8 potions of heal wounds {unknown}
 L - a potion of haste
Comestibles
 f - 9 bread rations
 i - 41 fruits
 K - 2 meat rations
 S - 2 beef jerkies


   Skills:
 - Level 13.0 Fighting
 - Level 2.4 Long Blades
 - Level 12.1 Polearms
 - Level 12.4(16.5) Armour
 + Level 10.3 Dodging
 - Level 16.0(18.5) Shields


You had 12 spell levels left.
You didn't know any spells.

Dungeon Overview and Level Annotations

Branches:
Dungeon (12/15)            Temple (1/1) D:4            Lair (6/6) D:11
 Shoals (0/4) Lair:2       Spider (0/4) Lair:2        Slime (0/5) Lair:6
    Orc: D:9-12

Altars:
Ashenzari
Cheibriados
Dithmenos
Elyvilon
Fedhas
Gozag
Hepliaklqana
Kikubaaqudgha
Makhleb
Nemelex Xobeh
Okawaru
Qazlal
Ru
Sif Muna
Trog
Uskayaw
Vehumet
Xom
Yredelemnul
Zin
The Shining One

Annotations:
Lair:1 exclusion: 3 oklob plants


Innate Abilities, Weirdness & Mutations

You reflexively headbutt those who attack you in melee.
You have a pair of horns on your head.
You are clumsy. (Dex -2)
Your muscles are strong. (Str +2)
Your spells are a little harder to cast, but a little more powerful.
Potions and wands are less effective at restoring your health.


Message History

* * * LOW HITPOINT WARNING * * *
You impale the death yak!! You freeze the death yak.
You headbutt the death yak, but do no damage.
The death yak is moderately wounded.
You hear a bellow!
You block the death yak's attack.
You puncture the death yak! You freeze the death yak.
The death yak is moderately wounded.
You block the death yak's attack.
The death yak gores you but does no damage.
You puncture the death yak! You freeze the death yak!
You headbutt the death yak!
The death yak is severely wounded.
The death yak gores you but does no damage.
You block the death yak's attack.
You barely miss the death yak.
You headbutt the death yak, but do no damage.
The death yak is severely wounded.
The death yak gores you!
You die...

* #####...#.### ,* ##
#..#.......#. , ,.P#
##............ , , ...#* ######
#............. , *#P..#* #...(#
#............ , * #...####.Y.##
##............ **#...##.YY{#
#............. , * *#..YYYY##
#.P........... ** , ##{.{##Y@#
#............. #. * ##.{#######
##.......†.... ... #..## ###
##...<....... *#...###{## ###.##
##..#........ *..{{{.Y{####....##
#............
,{###..{Y.##......###............
{* ###{..#......###.............
{ ##.....##..# ##.#..P.......
###.###...# #.............


You could see 7 death yaks and a yak.

Vanquished Creatures
  Nessos (Lair:4)
  Josephine (Lair:6)
  6 hydras
  A catoblepas (Lair:6)
  2 death yaks (Lair:6)
  The ghost of Gottschkopf the Blocker, a novice MiFi (D:7)
  5 skeletal warriors
  Pikel (D:9)
  4 hill giants
  A manticore (D:11)
  The ghost of CALLOUS the Covert, a novice SpAE of Gozag (D:9)
  A cyclops (D:11)
  5 elephants (Lair:4)
  5 black mambas
  6 spiny frogs
  3 rime drakes
  11 komodo dragons
  2 ice devils (Lair:4)
  The ghost of Gottschkopf the Thaumaturge, a novice DECj (Ossuary)
  3 jumping spiders (Lair:2)
  2 trolls
  A two-headed ogre (D:10)
  Prince Ribbit (D:4)
  6 dream sheep (Lair:5)
  10 hippogriffs
  5 blink frogs (Lair:3)
  Sigmund (D:5)
  A shadow (D:11)
  3 redbacks (Lair:2)
  A spriggan (D:8)
  A wyvern (D:9)
  5 wraiths (Lair:6)
  4 fire bats (D:8)
  3 hungry ghosts
  21 yaks
  A basilisk (Lair:1)
  A soldier ant (D:10)
  A hell hound (D:8)
  Duvessa (D:4)
  14 water moccasins
  9 porcupines
  2 black bears
  3 orc warriors
  4 slaves (D:9)
  An ice beast (D:8)
  4 sky beasts
  3 ogres
  2 centaurs
  9 wolves
  12 crocodiles
  14 bullfrogs
  2 big kobolds
  A wyvern zombie (D:10)
  A gnoll sergeant (D:9)
  5 scorpions
  Dowan (D:4)
  A water moccasin zombie (D:8)
  12 killer bees
  4 howler monkeys
  A crimson imp (D:5)
  A bullfrog zombie (D:10)
  14 jellies
  5 orc priests
  Crazy Yiuf (D:3)
  10 orc wizards
  A bullfrog skeleton (D:5)
  Terence (D:3)
  An iguana (D:8)
  5 worker ants
  A killer bee zombie (D:6)
  A hound skeleton (D:10)
  7 mummies (Ossuary)
  A howler monkey zombie (D:8)
  A worker ant zombie (D:10)
  8 gnolls
  2 howler monkey skeletons
  12 adders
  A shadow imp (D:5)
  3 oozes
  An adder skeleton (D:4)
  An adder zombie (D:5)
  3 worms
  5 dart slugs
  5 leopard geckos
  31 orcs
  7 giant cockroaches
  9 goblins
  11 hobgoblins
  7 jackals (D:3)
  3 bats
  4 frilled lizards
  4 gnoll zombies (Ossuary)
  14 kobolds
  A kobold zombie (Ossuary)
  A leopard gecko zombie (D:6)
  2 orc zombies (Ossuary)
  6 rats
426 creatures vanquished.

Vanquished Creatures (others)
  A mummy (Ossuary)
  A hobgoblin zombie (Ossuary)
  A fulminant prism (Ossuary)
  8 fungi
  10 plants
21 creatures vanquished.

Grand Total: 447 creatures vanquished

Notes
Turn   | Place    | Note
-------+----------+-------------------------------------------
     0 | D:1      | Gottschkopf the Minotaur Fighter began the quest for the Orb.
     0 | D:1      | Reached XP level 1. HP: 19/19 MP: 0/0
   273 | D:1      | Reached XP level 2. HP: 28/28 MP: 1/1
   531 | D:1      | Reached skill level 5 in Fighting
   721 | D:2      | Reached XP level 3. HP: 36/36 MP: 2/2
  1486 | D:2      | Reached XP level 4. HP: 23/44 MP: 3/3
  1989 | D:3      | Found a basalt altar of Yredelemnul.
  2060 | D:3      | Noticed Terence
  2068 | D:3      | Killed Terence
  2068 | D:3      | Reached XP level 5. HP: 52/52 MP: 4/4
  2087 | D:3      | Found a white marble altar of Elyvilon.
  2212 | D:3      | Found a runed door.
  2216 | D:3      | Noticed Crazy Yiuf
  2230 | D:3      | Killed Crazy Yiuf
  2833 | D:4      | Reached XP level 6. HP: 58/62 MP: 5/5
  2862 | D:4      | Noticed Dowan
  2863 | D:4      | Noticed Duvessa
  2885 | D:4      | Killed Dowan
  2921 | D:4      | Killed Duvessa
  3192 | D:4      | Found a staircase to the Ecumenical Temple.
  3201 | Temple   | Entered the Ecumenical Temple
  3304 | Temple   | Became a worshipper of Ashenzari the Shackled
  3443 | D:4      | Reached XP level 7. HP: 67/71 MP: 6/6
  3604 | D:5      | Entered Level 5 of the Dungeon
  3604 | D:5      | Found Destriav's Assorted Antiques.
  3604 | D:5      | Noticed Prince Ribbit
  3732 | D:4      | Reached skill level 10 in Fighting
  3858 | D:4      | Killed Prince Ribbit
  3858 | D:4      | Reached skill level 5 in Shields
  4032 | D:5      | Reached skill level 6 in Shields
  4195 | D:5      | Noticed Sigmund
  4232 | D:5      | Killed Sigmund
  4232 | D:5      | Reached skill level 7 in Shields
  4232 | D:5      | Reached XP level 8. HP: 42/79 MP: 7/7
  4456 | D:5      | Reached skill level 8 in Shields
  4599 | D:6      | Reached skill level 9 in Shields
  4745 | D:6      | Found a deep blue altar of Sif Muna.
  5250 | D:6      | Identified the +1 robe of the Spider Nest {Int-4 Dex+4 Slay+4} (You found it on level 6 of the Dungeon)
  5486 | D:6      | Reached skill level 10 in Shields
  5692 | D:7      | Found an iron altar of Okawaru.
  5717 | D:7      | Noticed Gottschkopf's ghost (novice MiFi)
  5764 | D:7      | Killed Gottschkopf's ghost
  5764 | D:7      | Reached skill level 11 in Shields
  5764 | D:7      | Reached XP level 9. HP: 9/85 MP: 8/8
  6041 | D:7      | Found a sand-covered staircase.
  6045 | Ossuary  | Entered an ossuary
  6054 | Ossuary  | Noticed Gottschkopf's ghost (novice DECj)
  6065 | Ossuary  | Killed Gottschkopf's ghost
  6342 | D:7      | Reached * piety under Ashenzari
  6406 | D:7      | Reached skill level 12 in Shields
  6523 | D:7      | Found a faded altar of an unknown god.
  6523 | D:7      | Found a faded altar of an unknown god.
  6528 | D:7      | Found a sacrificial altar of Ru.
  6530 | D:7      | Found a faded altar of an unknown god.
  6532 | D:7      | Found a faded altar of an unknown god.
  7465 | D:8      | Reached skill level 13 in Shields
  7835 | D:8      | Reached skill level 14 in Shields
  7854 | D:8      | Reached XP level 10. HP: 75/93 MP: 9/9
  8386 | D:9      | Noticed CALLOUS's ghost (novice SpAE)
  8438 | D:9      | Killed CALLOUS's ghost
  8438 | D:9      | Reached skill level 15 in Shields
  8792 | D:9      | Reached ** piety under Ashenzari
  8793 | D:9      | Noticed Pikel
  8812 | D:9      | Killed Pikel
  9046 | D:9      | Reached skill level 16 in Shields
  9197 | D:10     | Entered Level 10 of the Dungeon
  9197 | D:10     | Noticed a hill giant
  9209 | D:9      | Killed a hill giant
  9751 | D:9      | Reached skill level 5 in Dodging
  9815 | D:10     | Reached XP level 11. HP: 96/99 MP: 10/10
 10743 | D:11     | Noticed a hill giant
 10762 | D:10     | Killed a hill giant
 11265 | D:11     | Reached *** piety under Ashenzari
 11449 | D:11     | Noticed a hill giant
 11460 | D:11     | Killed a hill giant
 11583 | D:11     | Noticed a hill giant
 11593 | D:11     | Killed a hill giant
 11593 | D:11     | Reached skill level 5 in Polearms
 11928 | D:11     | Found a staircase to the Lair.
 11928 | D:11     | Noticed a skeletal warrior
 11928 | D:11     | Noticed a skeletal warrior
 11928 | D:11     | Noticed a skeletal warrior
 11956 | D:11     | Killed a skeletal warrior
 12281 | D:10     | Killed a skeletal warrior
 12298 | D:11     | Killed a skeletal warrior
 12683 | D:11     | Noticed a skeletal warrior
 12684 | D:11     | Noticed a skeletal warrior
 13178 | D:11     | Killed a skeletal warrior
 13178 | D:11     | Reached skill level 10 in Polearms
 13309 | D:11     | Killed a skeletal warrior
 13617 | D:11     | Noticed an eight-headed hydra
 13617 | D:11     | Noticed a hill giant
 13912 | D:11     | Gained mutation: Your spells are a little harder to cast, but a little more powerful. [mutagenic meat]
 13913 | D:11     | Gained mutation: You are clumsy. (Dex -2) [mutagenic meat]
 13915 | D:11     | Gained mutation: Potions and wands are less effective at restoring your health. [mutagenic meat]
 13916 | D:11     | Gained mutation: Your muscles are strong. (Str +2) [mutagenic meat]
 14047 | Lair:1   | Entered Level 1 of the Lair of Beasts
 14286 | Lair:1   | Reached **** piety under Ashenzari
 14363 | Lair:1   | Reached XP level 12. HP: 106/106 MP: 11/11
 15193 | Lair:2   | Identified the cursed +1 scale mail of Valour {+Fly rCorr}
 15391 | Lair:2   | Found a staircase to the Shoals.
 15646 | Lair:2   | Noticed a four-headed hydra
 15661 | Lair:2   | Killed a four-headed hydra
 15661 | Lair:2   | Reached skill level 5 in Armour
 15784 | Lair:2   | Reached ***** piety under Ashenzari
 15859 | Lair:2   | Found a hole to the Spider Nest.
 17229 | Lair:3   | Reached skill level 10 in Armour
 17952 | Lair:4   | Noticed Nessos
 18390 | Lair:4   | Killed Nessos
 18432 | Lair:4   | Reached XP level 13. HP: 86/113 MP: 12/12
 20630 | Lair:6   | Entered Level 6 of the Lair of Beasts
 20856 | Lair:6   | Noticed Josephine
 20871 | Lair:6   | Killed Josephine
 21760 | Lair:6   | Found a staircase to the Slime Pits.
 21781 | Lair:6   | Reached ****** piety under Ashenzari
 21892 | Lair:6   | Reached skill level 10 in Dodging
 21911 | Lair:6   | HP: 6/122 [death yak (7)]
 21913 | Lair:6   | HP: 2/122 [death yak (5)]
 21917 | Lair:6   | Mangled by a death yak

Skill      XL: |  1  2  3  4  5  6  7  8  9 10 11 12 13 |
---------------+----------------------------------------+-----
Fighting       | 4 5 6 7 8 9 10 13 | 13.0
Shields        | 7 11 14 16 | 16.0
Dodging        | 5 7 10 | 10.3
Polearms       | 11 12 | 12.1
Armour         | 11 12 | 12.4
Long Blades    | |  2.4

Action                   |  1- 3 |  4- 6 |  7- 9 | 10-12 | 13-15 || total
-------------------------+-------+-------+-------+-------+-------++-------
Melee: Long sword        |    84 |   111 |   373 |   497 |       ||  1065
       Headbutt          |    13 |    29 |    87 |   228 |   130 ||   487
       Falchion          |       |    38 |       |       |       ||    38
       Trident           |       |       |       |   475 |   445 ||   920
Invok: Curse Item        |       |     2 |     2 |     1 |       ||     5
  Eat: Chunk             |     2 |     6 |    12 |    34 |    11 ||    65
       Meat ration       |       |       |     3 |     1 |       ||     4
       Pizza             |       |       |     2 |       |       ||     2
       Beef jerky        |       |       |     1 |       |       ||     1
       Royal jelly       |       |       |       |     1 |       ||     1
       Fruit             |       |       |       |     1 |       ||     1
Armor: Scale mail        |    26 |       |       |       |       ||    26
       Plate armour      |    11 |    80 |   206 |   345 |   135 ||   777
Dodge: Dodged            |    11 |    30 |    81 |   228 |    79 ||   429
Block: Shield            |    32 |    27 |   161 |   686 |   231 ||  1137
       Buckler           |       |    32 |    48 |       |       ||    80
       Rpst.: Long sword |     4 |     7 |    29 |    31 |       ||    71
       Falchion          |       |     5 |       |       |       ||     5
